 Dungeon Crawl Stone Soup version 0.21-a0-450-gd87a9b2 (webtiles) character file.

572 KristoblXynda the Magician (level 7, -1/36 HPs)
             Began as a Deep Elf Conjurer on Nov 18, 2017.
             Shot with an arrow by a centaur (9 damage)
             ... on level 5 of the Dungeon.
             The game lasted 00:11:05 (4424 turns).

KristoblXynda the Magician (Deep Elf Conjurer)      Turns: 4424, Time: 00:11:06

Health: -1/36      AC:  7    Str:  6    XL:     7   Next: 12%
Magic:  8/20       EV: 13    Int: 21    God:
Gold:   36         SH:  0    Dex: 15    Spells: 13/21 levels left

rFire    + . .     SeeInvis .   g - +0 dagger
rCold    . . .     Gourm    .   (no shield)
rNeg     . . .     Faith    .   q - +1 robe
rPois    .         Spirit   .   i - +0 helmet
rElec    .         Reflect  .   (no cloak)
rCorr    .         Harm     .   t - +2 pair of gloves {archery}
MR       .....                  (no boots)
Stlth    ++........             (no amulet)
HPRegen  0.12/turn              n - ring of protection from fire
MPRegen  0.17/turn              (no ring)

@: no status effects
A: no striking features
a: no special abilities


You were on level 5 of the Dungeon.
You were not hungry.

You visited 1 branch of the dungeon, and saw 5 of its levels.

You collected 251 gold pieces.
You spent 215 gold pieces at shops.

Inventory:

Hand Weapons
 g - a +0 dagger (weapon)
Missiles
 u - a throwing net (quivered)
Armour
 i - a +0 helmet (worn)
 q - a +1 robe (worn)
 t - a +2 pair of gloves of archery (worn)
Jewellery
 n - a ring of protection from fire (left hand)
Scrolls
 d - a scroll of amnesia
 h - a scroll of noise {unknown}
 l - 2 scrolls of remove curse
 o - 6 scrolls of teleportation
 s - a scroll of fog {unknown}
 v - a scroll of recharging {unknown}
 w - a scroll of magic mapping {unknown}
Potions
 a - a potion of haste
 f - a potion of lignification
 j - a potion of degeneration
 k - a potion of flight
 m - a potion of mutation
 r - a potion of invisibility
Books
 b - a book of Conjurations

   Spells                             Type                      Level
   a - Magic Dart                     Conjuration                  1
   b - Searing Ray                    Conjuration                  2
   c - Dazzling Spray                 Conjuration/Hexes            3
   d - Fulminant Prism                Conjuration/Hexes            4
   e - Force Lance                    Conjuration/Translocation    4
   f - Iskenderun's Mystic Blast      Conjuration                  4
 e - a book of Cantrips

   Spells                             Type                      Level
   a - Confusing Touch                Hexes                        1
   b - Animate Skeleton               Necromancy                   1
   c - Summon Small Mammal            Summoning                    1
   d - Apportation                    Translocation                1
Comestibles
 c - 4 bread rations
 p - a fruit


   Skills:
 - Level 2.4 Dodging
 - Level 2.4 Stealth
 + Level 7.6 Spellcasting
 + Level 7.4 Conjurations


You had 13 spell levels left.
You knew the following spells:

 Your Spells              Type           Power        Failure   Level  Hunger
a - Magic Dart            Conj           ####         1%          1    None
b - Dazzling Spray        Conj/Hex       ###...       5%          3    None
c - Iskenderun's Mystic   Conj           #####...     3%          4    ###....


Dungeon Overview and Level Annotations

Branches:
Dungeon (5/15)
 Temple: D:4-7

Altars:
Hepliaklqana
Ru
Trog
Xom

Shops:
D:4 ((:[(


Message History

Unknown command.
A gnoll comes into view. It is wielding a club.
A gnoll comes into view. It is wielding a flail.
The gnoll shouts!
A centaur comes into view.
There is a stone staircase leading down here.
You see here 20 stones.
The centaur wields a shortbow.
The centaur shoots an arrow.
The arrow hits you but does no damage.
You see here an arrow.
The centaur shoots an arrow.
The arrow hits you!
The centaur shoots an arrow.
The arrow misses you.
You hear a shout!
You see here an arrow.
You hear a shout!
The centaur shoots an arrow.
The arrow hits you!
* * * LOW HITPOINT WARNING * * *
You see here an arrow.
The centaur shoots an arrow.
The arrow hits you!
You die...

....... ####.# ...... .# #.#
.....$.##....#....... .# #.#
.........c#####.#..#. ..# #.#
..†...#...## ##...##.##.####.#
..... #..>.###....# ..#......##
.[......##g....#..###.#.###....
..Z......#.(........).#.####...
..g..g...#..((...........^.....
.........##...@.<....#..####...
.....######..(.......##.####.##
..... .........######..........
.#### ###....#...####..........
########...............
######.......... #........(.
#####...... #######


You could see a centaur and a gnoll.

Vanquished Creatures
  Sigmund (D:4)
  Purgy (D:4)
  A hound (D:4)
  2 orc wizards (D:3)
  A worker ant (D:5)
  9 adders
  A shadow imp (D:5)
  An adder skeleton (D:5)
  4 worms
  A dart slug (D:4)
  2 leopard geckos
  16 orcs
  3 ball pythons
  3 giant cockroaches
  10 goblins
  6 hobgoblins
  4 jackals
  A quokka (D:3)
  7 bats
  4 frilled lizards
  A jackal skeleton (D:4)
  11 kobolds
  5 rats
95 creatures vanquished.

Notes
Turn   | Place    | Note
-------+----------+-------------------------------------------
     0 | D:1      | KristoblXynda the Deep Elf Conjurer began the quest for the Orb.
     0 | D:1      | Reached XP level 1. HP: 10/10 MP: 6/6
   219 | D:1      | Reached XP level 2. HP: 12/15 MP: 6/8
   480 | D:1      | Found a shimmering altar of Xom.
  1023 | D:2      | Found a bloodstained altar of Trog.
  1117 | D:2      | Reached skill level 5 in Conjurations
  1117 | D:2      | Reached XP level 3. HP: 4/19 MP: 2/10
  1675 | D:2      | Learned a level 3 spell: Dazzling Spray
  2282 | D:3      | Reached XP level 4. HP: 24/24 MP: 8/12
  2354 | D:3      | Found a sacrificial altar of Ru.
  2450 | D:3      | Found a hazy altar of Hepliaklqana.
  2464 | D:3      | Reached skill level 5 in Spellcasting
  2601 | D:3      | Learned a level 4 spell: Iskenderun's Mystic Blast
  2687 | D:3      | Reached XP level 5. HP: 21/28 MP: 2/14
  3277 | D:4      | Found Kaygoe's Armour Shop.
  3335 | D:4      | Noticed Purgy
  3521 | D:4      | Killed Purgy
  3521 | D:4      | Reached XP level 6. HP: 32/32 MP: 3/17
  3668 | D:4      | Found Hicoilir's Antique Weapon Shoppe.
  3760 | D:4      | Noticed Sigmund
  3777 | D:4      | Killed Sigmund
  3777 | D:4      | Reached XP level 7. HP: 23/36 MP: 0/19
  3998 | D:4      | Found Nesarph's Antique Weapon Shop.
  4108 | D:4      | Found Ariamn's Weapon Shoppe.
  4206 | D:4      | Found Affyatrooti's Book Shop.
  4283 | D:4      | Bought a +2 pair of gloves of archery for 215 gold pieces
  4296 | D:5      | Entered Level 5 of the Dungeon
  4424 | D:5      | Shot with an arrow by a centaur

Vault maps used:
D:1:      dpeg_arrival_solitude, serial_forest, infiniplex_forest_clump_medium,
          infiniplex_forest_lined_corner, infiniplex_forest_clump_tiny,
          infiniplex_forest_clump_tiny, infiniplex_forest_end_3,
          infiniplex_forest_straight_1, infiniplex_forest_pool,
          infiniplex_forest_fountain, minmay_misc_feat_tower,
          minmay_misc_feat_cross, xom_teletrap_fun
D:2:      bloody_trog
D:3:      minmay_diamond_boxcup, nicolae_overflow_crystal_walls,
          lemuel_crystal_altar, first_bread
D:4:      serial_shops, shop, nicolae_shop_crystal, shop_fountains,
          nicolae_shop_behind_doors, shop_statue, serial_bayou_crossing,
          uniq_purgy, uniq_sigmund
D:5:      minmay_temple_entry_nine_rooms, uniq_grinder

Skill      XL: |  1  2  3  4  5  6 |
---------------+-------------------+-----
Spellcasting   | 4 5 6 7 |  7.6
Conjurations   | 5 6 7 |  7.4
Dodging        | |  2.4
Stealth        | |  2.4

Action                   |  1- 3 |  4- 6 |  7- 9 || total
-------------------------+-------+-------+-------++-------
Melee: Dagger            |    19 |    28 |    32 ||    79
 Cast: Magic Dart        |    88 |    93 |     1 ||   182
       Dazzling Spray    |     1 |     8 |       ||     9
       Iskenderun's Myst |       |     5 |     8 ||    13
  Use: Scroll            |       |     6 |     6 ||    12
       Potion            |       |     1 |       ||     1
 Stab: Invisible         |       |     1 |       ||     1
       Sleeping          |       |       |     1 ||     1
  Eat: Chunk             |     3 |     6 |     3 ||    12
Armor: Robe              |     5 |     5 |    10 ||    20
Dodge: Dodged            |    20 |    33 |    21 ||    74

Table legend:
 A = Spawn XP
 B = Non-spawn XP
 C = Spawn XP percentage of total XP
 D = Spawn monster count
 E = Non-spawn monster count
 F = Spawn count percentage of total count
 G = Total turns spent on level
                    A         B        C        D         E        F      G
               +---------+---------+-------+---------+---------+-------+---------
         Total |       0 |     818 |   0.0 |       0 |      95 |   0.0 |  4424
               +---------+---------+-------+---------+---------+-------+---------
           D:1 |       0 |      30 |   0.0 |       0 |      19 |   0.0 |   953
           D:2 |       0 |      35 |   0.0 |       0 |      13 |   0.0 |  1057
           D:3 |       0 |     227 |   0.0 |       0 |      42 |   0.0 |  1267
           D:4 |       0 |     474 |   0.0 |       0 |      17 |   0.0 |  1019
           D:5 |       0 |      52 |   0.0 |       0 |       4 |   0.0 |   128
               +---------+---------+-------+---------+---------+-------+---------
